 Dungeon Crawl Stone Soup version 0.18-a0-867-gfd1cc8f (webtiles) character file.

26 M4edhros the Charlatan (level 3, -1/23 HPs)
             Began as an Octopode Artificer on Dec 21, 2015.
             Slain by Natasha (8 damage)
             ... on level 2 of the Dungeon.
             The game lasted 00:02:08 (776 turns).

M4edhros the Charlatan (Octopode Artificer)          Turns: 776, Time: 00:02:08

Health: -1/23      AC:  1    Str: 10    XL:     3   Next: 8%
Magic:  5/5        EV: 12    Int: 15    God:
Gold:   32         SH:  0    Dex: 12    Spells: 0 memorised, 2 levels left

rFire  . . .     SeeInvis .     a - +0 short sword
rCold  . . .     Gourm    .     (no shield)
rNeg   . . .     Faith    .     (helmet restricted)
rPois  .         Spirit   .     (no amulet)
rElec  .         Dismiss  .     (no ring)
rCorr  .         Reflect  .     (no ring)
SustAt .         Harm     .     (no ring)
MR     .....                    (no ring)
Stlth  +++.......               (no ring)
                                (no ring)
                                (no ring)
                                (no ring)

@: not resistant to hostile enchantments, fairly stealthy
A: almost no armour, amphibious, 8 rings, constrict 8, camouflage 1, gelatinous
body 1
a: no special abilities


You were on level 2 of the Dungeon.
You were not hungry.

You visited 1 branch of the dungeon, and saw 2 of its levels.

You collected 32 gold pieces.

Inventory:

Hand Weapons
 a - a +0 short sword (weapon)
 i - a +0 spear
Missiles
 g - 55 stones (quivered)
 h - 24 sling bullets
Wands
 b - a wand of flame (14/48)
 c - a wand of enslavement (14/24)
 d - a wand of random effects (12/48)
Scrolls
 j - a scroll of remove curse {unknown}
 k - 2 scrolls of noise {unknown}
Potions
 e - a potion of heal wounds {unknown}
 l - a potion of curing {unknown}
Comestibles
 f - a bread ration


   Skills:
 - Level 1.0 Fighting
 - Level 1.0 Short Blades
 * Level 2.5 Dodging
 * Level 2.9 Stealth
 + Level 3.6 Evocations


You had 2 spell levels left.
You didn't know any spells.

Dungeon Overview and Level Annotations

Branches:
Dungeon (2/15)

Altars:

Annotations:
D:2 Natasha


Innate Abilities, Weirdness & Mutations

You cannot wear most types of armour.
You are amphibious.
You can wear up to eight rings at the same time.
You can use your tentacles to constrict eight enemies at once.
Your skin changes colour to match your surroundings (Stealth).
Your rubbery body absorbs attacks (AC +1).


Message History

The bat barely misses you.
Natasha hisses angrily.
You closely miss Natasha. You grab Natasha. You constrict Natasha.
The bat hits you but does no damage. Natasha claws you!
Evoke which item? (* to show all) (? for menu, Esc to quit)
Zapping:
d - a wand of random effects (13/48)
Press: ? - help, Shift-Dir - straight line, f - Natasha
Aim: Natasha (lightly wounded, constricted by you) Natasha flickers and vanishes!
Deactivating autopickup; reactivate with Ctrl-A.
This wand has 12 charges left.
You constrict something. The bat closely misses you. Something claws you!
The bat barely misses you.
Evoke which item? (* to show all) (? for menu, Esc to quit)
Zapping:
c - a wand of enslavement (15/24)
Press: ? - help, Shift-Dir - straight line, f - bat
Aim: a bat (chance to defeat MR: 85%) Nothing appears to happen.
This wand has 14 charges left.
You constrict something. The bat hits you. The bat hits you.
Something claws you!
You die...

#. .....## #. #.
......# #. #. .......
#######. #. .......
#......< #.# .......
#.###.#.
#..#######.......
#.##....
#...†...b..>.....
+......)
#....####@.......
#<#....# ###.##
##{...... #.#.#... #.#
#.....# #.#.###. #.#
#...## #....... #.#
#+## ###.#### #.# #.#
#.# #.#########.# #.#
###.##........#######.#
#......#####..........#


You could see a bat.

Vanquished Creatures
  An adder (D:1)
  A ball python (D:1)
  A bat (D:2)
  6 goblins
  3 hobgoblins (D:1)
  A giant newt (D:2)
  3 rats (D:1)
16 creatures vanquished.

Notes
Turn   | Place    | Note
--------------------------------------------------------------
     0 | D:1      | M4edhros the Octopode Artificer began the quest for the Orb.
     0 | D:1      | Reached XP level 1. HP: 13/13 MP: 3/3
   147 | D:1      | Reached XP level 2. HP: 12/18 MP: 4/4
   543 | D:1      | Reached XP level 3. HP: 15/23 MP: 5/5
   771 | D:2      | Noticed Natasha
   776 | D:2      | Slain by Natasha

Vault maps used:
D:1:      minmay_arrival_radiant_lines
D:2:      kennysheep_okawaru_gauntlet, lemuel_crystal_altar, first_bread,
          uniq_natasha

Action                   || total
-------------------------++-------
Melee: Short sword       ||    30
Evoke: Wand              ||     5
 Stab: Sleeping          ||     5
